 Dungeon Crawl Stone Soup version 0.27.1 (webtiles) character file.

Game seed: 14909531312979632580

29847 Rrauwl the Bludgeoner (level 13, -5/109 (111) HPs)
             Began as a Troll Hunter on Aug 23, 2021.
             Was a High Priest of Okawaru.
             Slain by a seven-headed hydra (9 damage)
             ... on level 5 of the Lair of Beasts on Aug 24, 2021.
             The game lasted 01:12:40 (13811 turns).

Rrauwl the Bludgeoner (Troll Hunter)               Turns: 13811, Time: 01:12:41

HP:   -5/109 (111)  AC:  8    Str: 32    XL:     13   Next: 17%
MP:   13/16         EV: 13    Int:  7    God:    Okawaru [*****.]
Gold: 504           SH:  0    Dex: 16    Spells: 10/12 levels left

rFire    + . .     SeeInvis .   c - +4 giant spiked club (vorpal)
rCold    + + .     Faith    .   (shield currently unavailable)
rNeg     . . .     Spirit   .   H - +2 robe {rC+ rF+}
rPois    +         Reflect  .   y - +2 hat
rElec    .         Harm     .   (no cloak)
rCorr    .         Rampage  .   (gloves unavailable)
Will     .....                  (boots unavailable)
Stlth    ++........             r - amulet of the acrobat
HPRegen  1.28/turn              a - +6 ring of dexterity
MPRegen  0.15/turn              L - ring "Typir" {Fly rC+ Str+5 Stlth-}

@: heroic, flying, lightly drained
A: large, unfitting armour, claws 3, regeneration 1, shaggy fur 1, tough skin 1,
poison resistance, MP-powered wands
a: Renounce Religion, Heroism, Finesse


You were on level 5 of the Lair of Beasts.
You worshipped Okawaru.
Okawaru was extremely pleased with you.
You visited 3 branches of the dungeon, and saw 15 of its levels.

You collected 840 gold pieces.
You spent 336 gold pieces at shops.

Inventory:

Hand Weapons
 c - a +4 vorpal giant spiked club (weapon)
 B - a +1 great mace of draining
Missiles
 d - 3 large rocks (quivered)
 g - 50 poisoned darts
 p - 14 silver javelins
 t - 21 javelins
 K - a curare-tipped dart
Armour
 y - a +2 hat (worn)
 C - a +0 kite shield of reflection
 H - a +2 robe of resistance (worn)
Magical Staves
 i - a staff of fire
Jewellery
 a - a +6 ring of dexterity (left claw)
 e - a ring of poison resistance
 l - a +6 ring of dexterity
 q - a ring of ice
 r - an amulet of the acrobat (around neck)
 s - a +6 ring of dexterity
 v - a ring of see invisible
 w - a ring of flight
 G - a ring of fire
 L - the ring "Typir" (right claw) {Fly rC+ Str+5 Stlth-}
   (You found it on level 5 of the Lair of Beasts)

   [ring of flight]

   Str:       It affects your strength (+5).
   rC:        It protects you from cold.
   Fly:       It grants you flight.
   Stlth:     It makes you less stealthy.
Wands
 k - a wand of digging (4)
 D - a wand of acid (11)
 E - a wand of flame (15)
 F - a wand of paralysis (12)
Scrolls
 b - 2 scrolls of fear
 j - 23 scrolls of identify
 m - 3 scrolls of fog
 n - 3 scrolls of blinking
 u - a scroll of immolation
 A - 3 scrolls of teleportation
 I - a scroll of enchant armour
 M - a scroll of vulnerability
Potions
 f - a potion of lignification
 o - 7 potions of curing
 x - 2 potions of might
 z - a potion of brilliance
 J - a potion of resistance


   Skills:
 - Level 3.0(8.0) Fighting
 + Level 15.9(20.9) Maces & Flails
 - Level 10.0(15.0) Throwing
 - Level 2.0(7.0) Armour
 - Level 2.0(7.0) Dodging
 - Level 0.3(5.3) Stealth
 - Level 3.0 Earth Magic
 + Level 5.9 Invocations
 - Level 1.0 Evocations


You had 10 spell levels left.
You knew the following spells:

 Your Spells              Type           Power      Damage    Failure   Level
a - Passwall              Tmut/Erth      1%         N/A       36%         2

Your spell library contained the following spells:

 Spells                   Type           Power      Damage    Failure   Level
 Sandblast                Erth           8%         2d5       14%         1
 Stone Arrow              Conj/Erth      4%         3d7       58%         3
 Dazzling Flash           Conj/Hex       0%         N/A       80%         3
 Inner Flame              Hex/Fire       0%         N/A       80%         3
 Ozocubu's Armour         Ice            0%         N/A       80%         3
 Lee's Rapid Deconstruct  Erth           2%         3d5*      98%         5
 Airstrike                Air            0%         N/A       99%         4
 Iskenderun's Mystic Bla  Conj/Tloc      0%         2d3       99%         4
 Summon Lightning Spire   Summ/Air       0%         N/A       99%         4
 Bolt of Magma            Conj/Fire/Erth 0%         4d4       100%        5
 Irradiate                Conj/Tmut      0%         3d13      100%        5
 Lightning Bolt           Conj/Air       0%         1d11      100%        5
 Metabolic Englaciation   Hex/Ice        0%         N/A       100%        5
 Simulacrum               Ice/Necr       0%         N/A       100%        6
 Starburst                Conj/Fire      0%         6d3       100%        6
 Shatter                  Erth           2%         3d6*      100%        9


Dungeon Overview and Level Annotations

Branches:
Dungeon (9/15)             Temple (1/1) D:4            Lair (5/6) D:9
 Shoals (0/4) Lair:4        Snake (0/4) Lair:3          Orc (0/2) D:9
  Slime: Lair:5-6

Altars:
Ashenzari
Cheibriados
Dithmenos
Fedhas
Gozag
Hepliaklqana
Kikubaaqudgha
Makhleb
Nemelex Xobeh
Okawaru
Qazlal
Ru
Sif Muna
Trog
Uskayaw
Vehumet
Wu Jian
Xom
Yredelemnul
Beogh
Lugonu

Shops:
D:2 :   D:8 ?

Annotations:
D:4 1 runed translucent door, Atelerd's ghost, amateur OpWz
Lair:2 exclusion: 2 oklob plants
Lair:5 Nessos


Innate Abilities, Weirdness & Mutations

You are too large for most types of armour.
You have claws for hands.
Your natural rate of healing is unusually fast.
You are covered in fur. (AC +1)
You have tough skin. (AC +1)
Your system is resistant to poisons. (rPois)
You expend magic power (3 MP) to strengthen your wands.


Message History

The seven-headed hydra completely misses you.
The seven-headed hydra barely misses you.
The seven-headed hydra bites you. The seven-headed hydra misses you.
You feel much better. The seven-headed hydra bites you.
The seven-headed hydra completely misses you.
The seven-headed hydra bites you! x2; The seven-headed hydra bites you. x2
The seven-headed hydra completely misses you.
Unknown command.
You feel much better. The seven-headed hydra bites you.
The seven-headed hydra closely misses you.
The seven-headed hydra bites you! x2
* * * LOW HITPOINT WARNING * * *
The seven-headed hydra closely misses you.
The seven-headed hydra misses you.
The seven-headed hydra bites you but does no damage.
Aiming: Paralyse
Press: ? - help, Shift-Dir - straight line, f/p - seven-headed hydra
Aim: a seven-headed hydra (chance to affect: 21%)
Okay, then.
You feel much better. The seven-headed hydra bites you.
The seven-headed hydra bites you!
The seven-headed hydra barely misses you.
The seven-headed hydra bites you but does no damage.
The seven-headed hydra bites you!
* * * LOW HITPOINT WARNING * * *
The seven-headed hydra bites you.
* * * LOW HITPOINT WARNING * * *
The seven-headed hydra barely misses you.
You hit the seven-headed hydra.
The seven-headed hydra is lightly wounded.
You hammer the seven-headed hydra like a gong!!!
The seven-headed hydra is almost dead.
The seven-headed hydra completely misses you.
The seven-headed hydra bites you!
* * * LOW HITPOINT WARNING * * *
The seven-headed hydra bites you!
* * * LOW HITPOINT WARNING * * *
The seven-headed hydra barely misses you.
The seven-headed hydra bites you!
You die...

... #
#.......PP##
##P.....###
##.#P...!##
# ##D...P#
#.D...#
#.....#
#$...##
########...#
#@DD(......#
############


You could see a seven-headed hydra and a four-headed hydra.

Vanquished Creatures
  Josephine (Lair:5)
  2 boulder beetles (Lair:2)
  A two-headed ogre (D:5)
  2 hydras
  Urug (Lair:5)
  Pikel (D:8)
  A lindwurm (Lair:5)
  An oklob plant (Lair:3)
  3 elephants (Lair:2)
  Joseph (Lair:1)
  2 black mambas (Lair:1)
  10 cane toads
  An unseen horror (D:8)
  3 rime drakes
  3 komodo dragons
  2 polar bears
  Grinder (D:6)
  16 blink frogs
  A snapping turtle (Lair:4)
  5 dream sheep (Lair:4)
  5 wyverns
  18 yaks
  5 wraiths
  4 basilisks
  A steam dragon (D:9)
  4 nagas (Lair:3)
  20 water moccasins
  Duvessa (D:4)
  2 acid dragons
  2 ice beasts (D:5)
  4 black bears
  8 orc warriors
  3 sky beasts
  A necrophage (D:5)
  3 wolves (Lair:2)
  4 ogres
  2 centaurs
  A phantom (D:5)
  The ghost of denis1488 the Insei, an amateur OpTm (D:5)
  2 lemures (D:8)
  A kobold brigand (D:9)
  11 bullfrogs
  4 scorpions
  Dowan (D:4)
  A gnoll sergeant (D:4)
  7 wights
  A howler monkey (D:7)
  3 hounds
  2 bullfrog zombies (D:5)
  3 centaur skeletons
  2 centaur zombies
  A bullfrog skeleton (D:5)
  10 orc priests
  2 jellies
  3 iguanas
  7 orc wizards
  2 scorpion zombies (D:5)
  2 killer bee zombies
  A hound zombie (D:5)
  A hound skeleton (D:5)
  Robin (D:2)
  A howler monkey zombie (D:5)
  8 adders
  14 gnolls
  A shadow imp (D:8)
  A worm (D:5)
  A dart slug (D:1)
  39 orcs
  7 ball pythons
  7 endoplasms
  2 giant cockroaches (D:3)
  12 goblins
  16 hobgoblins
  3 jackals (D:4)
  6 quokkas
  5 bats
  3 frilled lizards
  14 kobolds
  3 rats
358 creatures vanquished.

Vanquished Creatures (others)
  25 fungi
  42 plants
67 creatures vanquished.

Grand Total: 425 creatures vanquished

Notes
Turn   | Place    | Note
-------+----------+-------------------------------------------
     0 | D:1      | Rrauwl the Troll Hunter began the quest for the Orb.
     0 | D:1      | Reached XP level 1. HP: 19/19 MP: 0/0
    61 | D:1      | Found a faded altar of an unknown god.
    81 | D:1      | Reached XP level 2. HP: 28/28 MP: 1/1
   446 | D:2      | Reached XP level 3. HP: 33/35 MP: 2/2
   447 | D:2      | Noticed Robin
   463 | D:2      | Killed Robin
   464 | D:2      | Reached skill level 1 in Armour
   511 | D:2      | Found Nameabas's Book Emporium.
   753 | D:2      | Reached skill level 1 in Maces & Flails
  1248 | D:3      | Reached XP level 4. HP: 42/42 MP: 3/3
  1398 | D:3      | Reached XP level 5. HP: 49/49 MP: 4/4
  1554 | D:3      | You fall into a shaft and drop 1 floor!
  1581 | D:4      | Reached skill level 2 in Maces & Flails
  1581 | D:4      | Reached skill level 1 in Evocations
  1628 | D:4      | Found a shimmering altar of Xom.
  1629 | D:4      | Found a shimmering altar of Xom.
  1633 | D:4      | Found a shimmering altar of Xom.
  1635 | D:4      | Found a shimmering altar of Xom.
  1646 | D:4      | Noticed Atelerd's ghost (amateur OpWz)
  1649 | D:4      | Found a runed translucent door.
  1714 | D:4      | Found a staircase to the Ecumenical Temple.
  1752 | D:4      | Found a shimmering altar of Xom.
  1754 | D:4      | Found a shimmering altar of Xom.
  1754 | D:4      | Found a shimmering altar of Xom.
  1768 | D:4      | Reached XP level 6. HP: 57/57 MP: 5/5
  1785 | D:4      | Noticed Duvessa
  1817 | D:4      | Killed Duvessa
  1818 | D:4      | Reached skill level 3 in Maces & Flails
  1818 | D:4      | Reached skill level 5 in Throwing
  1822 | D:4      | Noticed Dowan
  1824 | D:4      | Killed Dowan
  1988 | Temple   | Entered the Ecumenical Temple
  2026 | Temple   | Became a worshipper of Warmaster Okawaru
  2053 | D:4      | Reached XP level 7. HP: 50/65 MP: 6/6
  2139 | D:4      | Found a shadowy altar of Dithmenos.
  2139 | D:4      | Found a blossoming altar of Fedhas.
  2146 | D:4      | Found a broken altar of Ashenzari.
  2148 | D:4      | Found a snail-covered altar of Cheibriados.
  2150 | D:4      | Found an opulent altar of Gozag.
  2160 | D:4      | Reached skill level 4 in Maces & Flails
  2455 | D:5      | Entered Level 5 of the Dungeon
  2581 | D:5      | Found a runed translucent door.
  2583 | D:5      | Noticed denis1488's ghost (amateur OpTm)
  2668 | D:5      | Reached * piety under Okawaru
  2850 | D:5      | Reached skill level 5 in Maces & Flails
  2867 | D:5      | Reached XP level 8. HP: 72/72 MP: 7/7
  2891 | D:5      | Found a stormy altar of Qazlal.
  2982 | D:5      | Found a burning altar of Makhleb.
  3280 | D:5      | Reached skill level 6 in Maces & Flails
  3287 | D:5      | Reached ** piety under Okawaru
  3632 | D:5      | Reached skill level 7 in Maces & Flails
  3632 | D:5      | Reached XP level 9. HP: 75/79 MP: 8/8
  3659 | D:5      | Noticed a two-headed ogre
  3726 | D:5      | Killed a two-headed ogre
  3726 | D:5      | Reached *** piety under Okawaru
  3726 | D:5      | Received a gift from Okawaru
  3935 | D:5      | Killed denis1488's ghost
  3948 | D:5      | Reached skill level 8 in Maces & Flails
  3957 | D:5      | Got the Collected Works on the Hurtful Volcanoes
  4036 | D:6      | Noticed Grinder
  4065 | D:6      | Killed Grinder
  4376 | D:6      | Received a gift from Okawaru
  5101 | D:6      | Received a gift from Okawaru
  5596 | D:7      | Learned a level 2 spell: Passwall
  5621 | D:7      | Reached XP level 10. HP: 82/82 MP: 9/9
  5660 | D:7      | Reached skill level 9 in Maces & Flails
  6326 | D:8      | Noticed Pikel
  6328 | D:8      | Killed Pikel
  6329 | D:8      | Reached skill level 10 in Throwing
  7050 | D:8      | Found Qothet's Magic Scroll Shoppe.
  7055 | D:8      | Bought a scroll of teleportation for 42 gold pieces
  7055 | D:8      | Bought a scroll of teleportation for 42 gold pieces
  7055 | D:8      | Bought a scroll of teleportation for 42 gold pieces
  7055 | D:8      | Bought a scroll of enchant weapon for 105 gold pieces
  7055 | D:8      | Bought a scroll of enchant armour for 105 gold pieces
  7082 | D:8      | Received a gift from Okawaru
  7306 | D:9      | Reached skill level 10 in Maces & Flails
  7333 | D:9      | Received a gift from Okawaru
  7467 | D:9      | Found a staircase to the Lair.
  7488 | D:9      | Reached skill level 11 in Maces & Flails
  7531 | D:9      | Reached **** piety under Okawaru
  7784 | D:9      | Found a bloodstained altar of Trog.
  7784 | D:9      | Found a hazy altar of Hepliaklqana.
  7785 | D:9      | Found a radiant altar of Vehumet.
  7793 | D:9      | Found an ornate altar of the Wu Jian Council.
  7864 | D:9      | Found a staircase to the Orcish Mines.
  7914 | D:9      | Received a gift from Okawaru
  7942 | D:9      | Reached XP level 11. HP: 39/93 MP: 10/10
  7989 | D:9      | Reached skill level 12 in Maces & Flails
  8381 | Lair:1   | Entered Level 1 of the Lair of Beasts
  8514 | Lair:1   | Noticed Joseph
  8527 | Lair:1   | Received a gift from Okawaru
  8528 | Lair:1   | Killed Joseph
  8919 | Lair:1   | Reached skill level 13 in Maces & Flails
  9276 | Lair:1   | Reached ***** piety under Okawaru
  9604 | Lair:2   | Noticed an oklob plant
  9604 | Lair:2   | Noticed an oklob plant
  9659 | Lair:2   | HP: 3/93 [cane toad (10)]
  9823 | Lair:2   | Reached skill level 1 in Invocations
 10034 | Lair:2   | Noticed a boulder beetle
 10051 | Lair:2   | Received a gift from Okawaru
 10055 | Lair:2   | Noticed a boulder beetle
 10325 | Lair:2   | Killed a boulder beetle
 10365 | Lair:2   | Reached skill level 14 in Maces & Flails
 10586 | Lair:2   | Reached XP level 12. HP: 101/101 MP: 13/13
 10685 | Lair:2   | Gained mutation: Your system is resistant to poisons.
                  | (rPois) [potion of mutation]
 10685 | Lair:2   | Gained mutation: You expend magic power (3 MP) to
                  | strengthen your wands. [potion of mutation]
 10788 | Lair:2   | Killed a boulder beetle
 10788 | Lair:2   | Received a gift from Okawaru
 11475 | Lair:3   | Found a staircase to the Snake Pit.
 11650 | Lair:3   | Reached skill level 15 in Maces & Flails
 12370 | Lair:3   | Received a gift from Okawaru
 12837 | Lair:4   | Reached skill level 1 in Earth Magic
 12907 | Lair:4   | Noticed an eight-headed hydra
 12908 | Lair:4   | Reached skill level 5 in Invocations
 12914 | Lair:4   | Killed an eight-headed hydra
 13020 | Lair:4   | Found a staircase to the Shoals.
 13262 | Lair:5   | Noticed Josephine
 13361 | Lair:5   | Noticed an eight-headed hydra
 13389 | Lair:5   | Killed an eight-headed hydra
 13390 | Lair:5   | Reached XP level 13. HP: 68/110 MP: 13/16
 13498 | Lair:5   | Identified the ring "Typir" {Fly rC+ Str+5 Stlth-}
 13514 | Lair:5   | Noticed Urug
 13535 | Lair:5   | Killed Urug
 13684 | Lair:5   | Killed Josephine
 13770 | Lair:5   | Noticed Nessos
 13811 | Lair:5   | HP: 4/109 [seven-headed hydra (9)]
 13811 | Lair:5   | Slain by a seven-headed hydra

Illustrated notes

Levels and vault maps discovered:
D:1:      saegor_arrival_simple_a, layout_rooms,
          shapermc_ecumenical_altar_starsandcircs
D:2:      layout_basic, serial_shops, shop, nrook_campfire, uniq_robin
D:3:      layout_rooms, minmay_box_of_dots
D:4:      layout_basic, nicolae_xom_altar_mimics,
          chequers_temple_overflow_minitemple,
          minmay_temple_entry_statues_fountains, hellmonk_ghost_happy_afterlife,
          minmay_splitting_lines, lightli_minifort, uniq_duvessa
D:5:      kennysheep_windowed_halls, layout_cave_pools, general_overflow_altar,
          makhleb_heckhound_becter, ebering_ghost_inner_flame
D:6:      layout_layer_cave, uniq_grinder
D:7:      layout_gridville, kennysheep_nondescript
D:8:      layout_gridville, serial_co_window_serial, co_window_paths_a,
          co_window_paths_a, co_window_corner_a, co_window_corner_a,
          co_window_paths_a, co_window_corner_a, co_window_corner_a,
          co_window_broadway_c, co_window_broadway_c, co_window_corner_ca,
          co_window_corner_cb, co_window_corner_b, co_window_4corner_b,
          serial_shops, kennysheep_little_box, uniq_pikel
D:9:      layout_roguey, nicolae_overflow_quartered_altars,
          minmay_lair_entry_grove, david_orc_5
Temple:   corrupted_temple
Lair:1:   layout_cave_pods, st_stairs_10, nicolae_quartered_pool_little,
          grunt_megastairs_4, uniq_joseph
Lair:2:   layout_cave_pods, minmay_lair_oklob_chamber, serial_bayou_shore_b,
          infiniplex_staircase_pool_2
Lair:3:   layout_cave_pods, minmay_snake_entry_guardpost_small,
          beast_lair_carwin_4
Lair:4:   layout_long_grid, minmay_shoals_entry_hut, st_stairs_11
Lair:5:   layout_misc_corridors, uniq_josephine, uniq_urug, uniq_nessos

Skill      XL: |  1  2  3  4  5  6  7  8  9 10 11 12 13 |
---------------+----------------------------------------+-----
Fighting       | 2 3 |  3.0
Armour         | 1 2 |  2.0
Dodging        | 2 |  2.0
Throwing       | 4 5 6 8 9 10 | 10.0
Maces & Flails | 1 2 3 5 7 8 11 14 15 | 15.9
Evocations     | 1 |  1.0
Invocations    | 3 5 |  5.9
Earth Magic    | 2 3 |  3.0
Stealth        | |  0.3

Action                   |  1- 3 |  4- 6 |  7- 9 | 10-12 | 13-15 || total
-------------------------+-------+-------+-------+-------+-------++-------
Melee: Unarmed           |    12 |       |       |       |       ||    12
       Club              |   162 |   210 |   371 |       |       ||   743
       Flail             |       |       |    41 |    33 |       ||    74
       Punch             |       |       |     2 |     3 |       ||     5
       Whip              |       |       |       |   320 |       ||   320
       Great mace        |       |       |       |   142 |       ||   142
       Giant spiked club |       |       |       |    29 |    44 ||    73
Throw: Large rock        |       |    10 |    54 |   157 |     2 ||   223
       Dart              |       |       |    87 |    59 |       ||   146
       Throwing net      |       |       |     3 |       |       ||     3
       Javelin           |       |       |       |    18 |       ||    18
Invok: Heroism           |       |       |     4 |    27 |     4 ||    35
Evoke: Wand              |       |       |       |     1 |     1 ||     2
  Use: Scroll            |     8 |     1 |     3 |     7 |     1 ||    20
       Potion            |     5 |     4 |     2 |     9 |     3 ||    23
 Stab: Sleeping          |     3 |     1 |       |     6 |       ||    10
       Held in net/web   |       |       |     1 |       |       ||     1
       Invisible         |       |       |       |     3 |       ||     3
Armor: Robe              |    44 |       |       |    99 |    10 ||   153
       Animal skin       |    11 |    95 |   143 |     9 |       ||   258
       Skin              |       |    20 |       |       |       ||    20
Dodge: Dodged            |   104 |   124 |   205 |   319 |    42 ||   794
